 Dungeon Crawl Stone Soup version 0.31.0-11-ge490571c62 (webtiles) character file.

Game seed: 4080384680457054766

1135 stipulation the Grave Robber (level 8, -8/36 HPs)
             Began as a Vine Stalker Necromancer on Jan 28, 2024.
             Killed from afar by Dowan (20 damage)
             ... with a shard of ice
             ... on level 6 of the Dungeon.
             The game lasted 00:09:37 (6307 turns).

stipulation the Grave Robber (VSNe)                 Turns: 6307, Time: 00:09:38

Health: -8/36      AC:  3    Str: 12    XL:     8   Next: 36%
Magic:  0/18       EV: 12    Int: 23    God:
Gold:   517        SH:  0    Dex: 16    Spells: 8/20 levels left

rFire   . . .        o - staff of Hitakeos {Will- Str-4 Int+6 Conj Hexes}
rCold   . . .        (no shield)
rNeg    . . .        a - +0 robe
rPois   .            (no helmet)
rElec   .            (no cloak)
rCorr   +            t - +0 pair of gloves
SInv    .            (no boots)
Will    .....        (no amulet)
Stlth   ++           l - +6 ring of strength
HPRegen 1.06/turn    p - ring of resist corrosion
MPRegen 0.16/turn

%: guardian spirit
@: very slightly contaminated
A: fangs 3, regeneration 1, magic shield, antimagic bite, no potion heal 2
a: no special abilities


You were on level 6 of the Dungeon.
You visited 1 branch of the dungeon, and saw 6 of its levels.
You also visited: Sewer.

You collected 517 gold pieces.

Inventory:

Armour
 a - a +0 robe (worn)
 t - a +0 pair of gloves (worn)
Magical Staves
 o - the staff of Hitakeos (weapon) {Will- Str-4 Int+6 Conj Hexes}
   (You found it on level 2 of the Dungeon)

   [staff of conjuration]

   Base accuracy: +5 Base damage: 5 Base attack delay: 1.2 This weapon's minimum
   attack delay (0.6) is reached at skill level 12.
   Str-4:     It affects your strength (-4).
   Int+6:     It affects your intelligence (+6).
   Will-:     It decreases your willpower.
   Conj:      It increases the power of your Conjurations spells.
   Hexes:     It increases the power of your Hexes spells.
   It falls into the 'Staves' category.
   It is a one-handed weapon.
Jewellery
 l - a +6 ring of strength (left hand)
 p - a ring of resist corrosion (right hand)
 w - an amulet of faith
Talismans
 e - a beast talisman
Wands
 k - a wand of paralysis (11)
Scrolls
 d - a scroll of blinking
 h - a scroll of revelation {unknown}
 j - a scroll of vulnerability {unknown}
 n - 2 scrolls of noise {unknown}
 r - 3 scrolls of teleportation
 s - a scroll of poison
 u - a scroll of fog {unknown}
 v - a scroll of identify
Potions
 b - a potion of attraction {unknown}
 c - 2 potions of brilliance
 f - 2 potions of curing
 g - a potion of ambrosia {unknown}
 i - a potion of haste {unknown}
 m - a potion of heal wounds {unknown}
 q - 6 potions of enlightenment


   Skills:
 - Level 1.5 Dodging
 - Level 2.4 Stealth
 + Level 6.6 Spellcasting
 + Level 7.4 Necromancy
 + Level 3.2 Evocations


You had 8 spell levels left.
You knew the following spells:

 Your Spells              Type           Power      Damage    Failure   Level
a - Necrotise             Necr           100%       1d9       1%          1
b - Vampiric Draining     Necr           41%        2d8       1%          3
c - Animate Dead          Necr           41%        N/A       3%          4
d - Martyr's Knell        Necr/Summ      24%        N/A       17%         4

Your spell library contained the following spells:

 Spells                   Type           Power      Damage    Failure   Level
 Freeze                   Ice            28%        1d5       9%          1
 Curse of Agony           Necr           41%        N/A       11%         5
 Frozen Ramparts          Ice            14%        1d3       24%         3
 Hailstorm                Conj/Ice       11%        3d6       24%         3


Dungeon Overview and Level Annotations

Branches:
Dungeon (6/15)              Sewer (visited)
 Temple: D:4-7

Altars:
Cheibriados
Okawaru

Annotations:
D:6 Dowan


Innate Abilities, Weirdness & Mutations

You have razor-sharp teeth.
Your natural rate of healing is unusually fast.
When hurt, damage is shared between your health and your magic reserves.
Your bite disrupts and absorbs the magic of your enemies.
Potions cannot restore your health.


Message History

Aiming: Vampiric Draining (safe; 1% risk of failure)
Press: ? - help, Shift-Dir - straight line, f/p - Duvessa
Aim: Duvessa, wielding a +0 short sword and wearing a +2 ring mail of poison resistance (almost dead, fast)
You draw life force from Duvessa.
You kill Duvessa!
Dowan screams, "No!
Oh no!"
Dowan seems to find hidden reserves of power!
You feel life coursing into your body.
Casting: Vampiric Draining (safe; 1% risk of failure)
Confirm with . or Enter, or press ? or * to list all spells.
You can't see any susceptible monsters within range! (Use Z to cast anyway.) Unknown command.
You miscast Necrotise.
You are very lightly contaminated with residual magic.
Nothing appears to happen.
Dowan gestures wildly while chanting.
Dowan blinks!
Dowan writhes in agony.
Dowan says, "How can I live without her?"
Dowan gestures wildly while chanting.
Dowan blinks!
Dowan writhes in agony!
Dowan hits you with a +0 dagger.
Dowan writhes in agony!
Dowan points at you and mumbles some strange words.
The shard of ice hits you! Dowan hits you with a +0 dagger.
You are too injured to fight recklessly!
Casting: Necrotise (safe; 1% risk of failure)
Confirm with . or Enter, or press ? or * to list all spells.
You don't have enough magic to cast this spell.
You hit Dowan. You bite Dowan.
Dowan's magic leaks into the air.
You drain his magic.
You feel invigorated.
Dowan is almost dead.
Dowan hits you with a +0 dagger. Dowan barely misses you.
Okay, then.
The air fills with toxic fumes!
As you read the scroll of poison, it crumbles to dust.
Dowan gestures at you while chanting. The shard of ice hits you!!
Ouch! That really hurt!
You die...

#.#.###.# #.
#.#.....# #.
#.####### #e
#.# #. #.# #e
#.# #. #.#
#.###########§#
#..§§§§§§§@e§§#
###############


You could see Dowan (fast, magic disrupted).

Vanquished Creatures
  Duvessa (D:6)
  A black bear (D:4)
  An ice beast (D:6)
  2 crocodiles (Sewer)
  An ogre (D:5)
  A phantom (D:4)
  A scorpion (D:6)
  A howler monkey (D:5)
  A hound (D:5)
  A sleepcap (D:5)
  An iguana (D:5)
  2 orc wizards (D:4)
  A sickly merfolk siren (Sewer)
  A malarious merfolk avatar (Sewer)
  4 gnolls (D:5)
  6 adders
  4 river rats
  A ribbon worm (D:3)
  3 dart slugs
  An orc (D:4)
  10 endoplasms
  3 giant cockroaches
  8 goblins
  4 hobgoblins
  9 jackals
  5 quokkas
  13 ball pythons
  5 bats
  7 frilled lizards
  4 kobolds
  26 rats
129 creatures vanquished.

Vanquished Creatures (collateral kills)
  An adder (Sewer)
  A ribbon worm (D:3)
  An orc (D:3)
  A jackal (D:1)
  A ball python (D:3)
  A kobold (D:3)
  A rat (Sewer)
7 creatures vanquished.

Grand Total: 136 creatures vanquished

Notes
Turn   | Place    | Note
-------+----------+-------------------------------------------
     0 | D:1      | stipulation the Vine Stalker Necromancer began the quest
                  | for the Orb.
     0 | D:1      | Reached XP level 1. HP: 9/9 MP: 4/4
   176 | D:1      | Reached XP level 2. HP: 13/13 MP: 1/6
   695 | D:1      | Found a faded altar of an unknown god.
   766 | D:1      | Reached XP level 3. HP: 16/16 MP: 2/8
  1478 | D:2      | Identified the staff of Hitakeos {Will- Str-4 Int+6 Conj
                  | Hexes}
  1767 | D:2      | Reached XP level 4. HP: 21/21 MP: 6/10
  2212 | D:3      | Found an iron altar of Okawaru.
  2554 | D:3      | Reached skill level 5 in Necromancy
  2614 | D:3      | Reached XP level 5. HP: 20/24 MP: 4/11
  2630 | D:3      | Found a glowing drain.
  2646 | Sewer    | Entered a sewer
  2697 | Sewer    | Learned a level 3 spell: Vampiric Draining
  2702 | Sewer    | Learned a level 4 spell: Animate Dead
  2707 | Sewer    | Learned a level 4 spell: Martyr's Knell
  2952 | Sewer    | Noticed a crocodile
  2957 | Sewer    | Killed a crocodile
  2958 | Sewer    | Reached XP level 6. HP: 26/28 MP: 2/14
  3047 | Sewer    | Reached skill level 5 in Spellcasting
  3047 | Sewer    | Reached skill level 6 in Necromancy
  3942 | D:4      | Noticed a black bear
  3958 | D:4      | Killed a black bear
  3959 | D:4      | Reached skill level 1 in Evocations
  3959 | D:4      | Reached XP level 7. HP: 32/32 MP: 2/16
  5000 | D:5      | Entered Level 5 of the Dungeon
  5279 | D:5      | Found a snail-covered altar of Cheibriados.
  5512 | D:5      | Reached skill level 7 in Necromancy
  5548 | D:5      | Gained mutation: You have razor-sharp teeth. [Vine Stalker
                  | growth]
  5548 | D:5      | Reached XP level 8. HP: 36/36 MP: 7/18
  6288 | D:6      | Noticed Duvessa
  6288 | D:6      | Noticed Dowan
  6301 | D:6      | Killed Duvessa
  6307 | D:6      | Killed from afar by Dowan

Illustrated notes

Levels and vault maps discovered:
D:1:      dpeg_arrival_tiny_g, layout_basic,
          shapermc_ecumenical_altar_mp_vishouse
D:2:      layout_basic, minmay_3d_cube
D:3:      layout_basic, amcnicky_altar_gilded, portal_sewer_entry_a,
          hangedman_decor_points, kennysheep_generic_room_9
D:4:      layout_basic
D:5:      layout_loops_ring, mainiacjoe_overflow_alcove_4
D:6:      layout_basic, gammafunk_ghost_nasty_kobolds, uniq_duvessa,
          uniq_grinder, uniq_jeremiah

Skill      XL: |  1  2  3  4  5  6  7  8 |
---------------+-------------------------+-----
Spellcasting   | 3 4 5 6 |  6.6
Necromancy     | 5 6 7 |  7.4
Evocations     | 1 2 3 |  3.2
Dodging        | |  1.5
Stealth        | |  2.4

Action                     |  1- 3 |  4- 6 |  7- 9 || total
---------------------------+-------+-------+-------++-------
  Melee: Unarmed           |    11 |       |       ||    11
         Bite              |     7 |    24 |    11 ||    42
         Staff             |     6 |    91 |    39 ||   136
         Punch             |       |     1 |       ||     1
   Cast: Necrotise         |    68 |    89 |    65 ||   222
         Vampiric Draining |       |     8 |    17 ||    25
    Use: Scroll            |     2 |     1 |     1 ||     4
         Potion            |       |     1 |     1 ||     2
 Armour: Robe              |    22 |    56 |    53 ||   131
  Dodge: Dodged            |    28 |    85 |    31 ||   144
